 Dungeon Crawl Stone Soup version 0.29.0-11-gd7f09526c8 (webtiles) character file.

Game seed: 18024571723836886113

65 mtoz the Chopper (level 3, 33/33 HPs)
             Began as a Minotaur Berserker on Sept 5, 2022.
             Was a Believer of Trog.
             Quit the game on level 2 of the Dungeon.
             The game lasted 00:04:59 (2049 turns).

mtoz the Chopper (Minotaur Berserker)               Turns: 2049, Time: 00:05:00

Health: 33/33      AC: 17    Str: 23    XL:     3   Next: 92%
Magic:  2/2        EV:  7    Int:  4    God:    Trog [**....]
Gold:   75         SH:  0    Dex:  9    Spells: 2/2 levels left

rFire   . . .      SeeInvis .   a - +0 hand axe
rCold   . . .      Faith    .   (no shield)
rNeg    . . .      Spirit   .   k - +0 plate armour
rPois   .          Reflect  .   (helmet restricted)
rElec   .          Harm     .   (no cloak)
rCorr   .          Rampage  .   (no gloves)
Will    .....                   m - +1 pair of boots
Stlth   ..........              (no amulet)
HPRegen 0.11/turn               h - +4 ring of protection
MPRegen 0.08/turn               (no ring)

@: no status effects
A: horns 2, retaliatory headbutt
a: Renounce Religion, Berserk, Trog's Hand


You were on level 2 of the Dungeon.
You worshipped Trog.
Trog was pleased with you.
You visited 1 branch of the dungeon, and saw 2 of its levels.

You collected 75 gold pieces.

Inventory:

Hand Weapons
 a - a +0 hand axe (weapon)
 l - a +0 war axe
Armour
 b - the +3 ring mail "Hebe Kav" {rC- Str+3 Dex+3}
   (You found it on level 2 of the Dungeon)

   Str:       It affects your strength (+3).
   Dex:       It affects your dexterity (+3).
   rC:        It makes you vulnerable to cold.
 k - a +0 plate armour (worn)
 m - a +1 pair of boots (worn)
Jewellery
 h - a +4 ring of protection (left hand)
Scrolls
 c - a scroll of teleportation {unknown}
 e - a scroll of blinking {unknown}
 i - a scroll of butterflies {unknown}
Potions
 d - a potion of curing {unknown}
 f - a potion of haste
 g - 2 potions of resistance
 j - a potion of lignification {unknown}


   Skills:
 + Level 4.3 Fighting
 * Level 4.3 Axes
 + Level 3.3 Armour
 + Level 3.0 Dodging
 + Level 0.0 Evocations


You had 2 spell levels left.
You didn't know any spells.
Your spell library was empty.

Dungeon Overview and Level Annotations

Branches:
Dungeon (2/15)

Altars:


Innate Abilities, Weirdness & Mutations

You have a pair of horns on your head.
You reflexively headbutt those who attack you in melee.


Message History

You see here an adder corpse.
You see here an adder corpse.
Found an escape hatch in the ceiling.
Found 6 poisoned darts.
A kobold comes into view. It is wielding a +0 short sword.
Found a war axe.
The kobold closely misses you.
You barely miss the kobold. The kobold hits you but does no damage.
You slash the kobold!
You kill the kobold!
Trog accepts your kill.
No target in view!
A goblin comes into view. It is wielding a +0 dagger.
Found a robe.
The goblin shouts!
A goblin is nearby!
The goblin hits you but does no damage.
You closely miss the goblin. The goblin hits you with a +0 dagger.
You miss the goblin. The goblin hits you but does no damage.
You completely miss the goblin. You headbutt the goblin.
You kill the goblin!
Trog accepts your kill.
Your Dodging skill increases to level 3!
No target in view!
No target in view!
Things that are here:
a +0 dagger; a goblin corpse You see here a +0 robe.
There is a stone staircase leading up here.
There is a stone staircase leading up here.
You see here a +0 robe.
Things that are here:
a +0 dagger; a goblin corpse
Found a stone staircase leading down.
Done exploring.
Done exploring.
Done exploring.
Search for what [Enter for "."]? .
Okay, then.
Are you sure you want to abandon this character and quit the game? (Confirm with "yes".)

#....####...[.
#.<....######.
###....(.# ##
##.....)..# #
##.........#
#..#.......#
#.##.......#
#####.##.......#
#....@.........#
#........#######
#.......>#
#........# ##
#........# #.
#........# #.
########## #. #.
##


There were no monsters in sight!

Vanquished Creatures
  2 adders (D:2)
  A worm (D:2)
  2 dart slugs
  6 endoplasms
  3 giant cockroaches
  5 goblins
  3 ball pythons
  7 bats
  A frilled lizard (D:1)
  2 kobolds (D:2)
  7 rats
39 creatures vanquished.

Notes
Turn   | Place    | Note
-------+----------+-------------------------------------------
     0 | D:1      | mtoz the Minotaur Berserker began the quest for the Orb.
     0 | D:1      | Reached XP level 1. HP: 19/19 MP: 0/0
   412 | D:1      | Reached XP level 2. HP: 27/27 MP: 1/1
   997 | D:1      | Found a faded altar of an unknown god.
  1478 | D:2      | Reached XP level 3. HP: 29/33 MP: 2/2
  1548 | D:2      | Reached ** piety under Trog
  1693 | D:2      | Identified the +3 ring mail "Hebe Kav" {rC- Str+3 Dex+3}
  2049 | D:2      | Quit the game

Illustrated notes

Levels and vault maps discovered:
D:1:      lemuel_arrival_funnel, layout_loops_cross,
          dilly_ecumenical_altar_fadedgnrine
D:2:      layout_rooms

Skill      XL: |  1  2  3 |
---------------+----------+-----
Axes           | 4 |  4.3
Armour         | 3 |  3.3
Fighting       | 4 |  4.3
Dodging        | 3 |  3.0

Action                   || total
-------------------------++-------
Melee: Hand axe          ||    87
       Headbutt          ||    11
Invok: Trog's Hand       ||     1
  Use: Scroll            ||     3
Armor: Animal skin       ||     8
       Ring mail         ||    10
       Plate armour      ||    27
Dodge: Dodged            ||    54
